 Dungeon Crawl Stone Soup version 0.30-a0-728-gc68057be0a (webtiles) character file.

Game seed: 6158952841463303531

8607 Newt the Thrower (level 11, -2/81 HPs)
             Began as a Demonspawn Gladiator on Jan 31, 2023.
             Was a Priest of Okawaru.
             Slain by a demonic crawler (13 damage)
             ... on level 3 of the Abyss.
             The game lasted 00:17:21 (10989 turns).

Newt the Thrower (Demonspawn Gladiator)            Turns: 10989, Time: 00:17:22

Health: -2/81      AC: 10    Str: 18    XL:     11   Next: 12%
Magic:  11/11      EV:  9    Int:  9    God:    Okawaru [***...]
Gold:   496        SH: 22    Dex: 22    Spells: 10/10 levels left

rFire   + . .      SeeInvis .    G - +5 mace
rCold   + + .      Faith    .    w - +0 tower shield
rNeg    . . .      Spirit   .    O - +1 troll leather armour
rPois   +          Reflect  .    c - +0 helmet
rElec   +          Harm     .    E - +0 cloak
rCorr   +          Rampage  .    h - +1 pair of gloves {hurl}
Will    .....                    (no boots)
Stlth   ++                       (no amulet)
HPRegen 1.13/turn                f - +6 ring of dexterity
MPRegen 0.12/turn                q - ring of protection from cold

@: resistant, studying Maces & Flails
A: large bone plates 2, ignite blood 1, demonic magic 1, weakness stinger 1
a: Renounce Religion, Heroism


You were on level 3 of the Abyss.
You worshipped Okawaru.
Okawaru was most pleased with you.
You visited 2 branches of the dungeon, and saw 11 of its levels.
You visited the Abyss 1 time.

You collected 496 gold pieces.

Inventory:

Hand Weapons
 a - a +0 rapier
 u - a +1 dagger of venom
 G - a +5 mace (weapon)
Missiles
 d - 3 throwing nets
 e - 5 javelins
 i - 19 poisoned darts
 F - 2 boomerangs of dispersal
 I - 27 stones
 K - 4 boomerangs (quivered)
Armour
 b - a +0 leather armour
 c - a +0 helmet (worn)
 h - a +1 pair of gloves of hurling (worn)
 w - a +0 tower shield (worn)
 E - a +0 cloak (worn)
 J - +0 acid dragon scales
 O - a +1 troll leather armour (worn)
 P - a +2 ring mail of positive energy
Jewellery
 f - a +6 ring of dexterity (left hand)
 q - a ring of protection from cold (right hand)
Wands
 s - a wand of digging (5)
 x - a wand of light (10)
 z - a wand of polymorph (11)
 D - a wand of paralysis (18)
 N - a wand of flame (11)
Scrolls
 j - a scroll of vulnerability
 l - 6 scrolls of teleportation
 v - 3 scrolls of amnesia
 y - a scroll of noise
Potions
 g - 7 potions of curing
 k - 4 potions of magic
 m - a potion of degeneration
 o - 3 potions of flight
 p - 3 potions of brilliance
 t - 2 potions of resistance
 B - a potion of invisibility
 C - a potion of berserk rage
 L - a potion of attraction
 M - a potion of mutation {unknown}


   Skills:
 - Level 6.0 Fighting
 - Level 2.6 Short Blades
 - Level 10.0 Maces & Flails
 + Level 11.1 Throwing
 - Level 5.0 Armour
 - Level 2.6 Dodging
 - Level 2.0 Stealth
 - Level 5.0 Shields


You had 10 spell levels left.
You didn't know any spells.
Your spell library contained the following spells:

 Spells                   Type           Power      Damage    Failure   Level
 Dazzling Flash           Conj/Hex       0%         N/A       100%        3
 Olgreb's Toxic Radiance  Pois           0%         N/A       100%        4
 Agony                    Necr           0%         N/A       100%        5
 Silence                  Hex/Air        0%         N/A       100%        5
 Ozocubu's Refrigeration  Ice            0%         4d7       100%        7
 Ignition                 Fire           0%         3d3       100%        8


Dungeon Overview and Level Annotations

Branches:
Dungeon (10/15)            Temple (1/1) D:5
   Lair: D:8-11         Orc: D:9-12

Altars:
Ashenzari
Cheibriados
Dithmenos
Fedhas
Gozag
Hepliaklqana
Kikubaaqudgha
Makhleb
Nemelex Xobeh
Okawaru
Qazlal
Ru
Sif Muna
Trog
Uskayaw
Vehumet
Wu Jian
Xom
Yredelemnul

Shops:
D:5 :

Annotations:
D:4 2 transporters, NinjaNoafa's ghost, novice MiHu
D:9 1 runed translucent door
D:10 Erolcha


Innate Abilities, Weirdness & Mutations

You are mostly covered in large bone plates. (SH +6)
Your demonic aura sometimes causes spilled blood to erupt in flames.
Spells you cast may paralyse adjacent enemies.
You have a small tail.


Message History

The kobold demonologist shouts!
You hear a bark!
You hear a shout!
You block the iron imp's attack.
You hit the ice devil.
You tail-slap the ice devil, but do no damage.
The ice devil is lightly wounded.
You block the ice devil's attack. You block the iron imp's attack.
The small abomination hits you. You block the raiju's attack.
A raiju comes into view.
The demonic crawler hits you! You block the demonic crawler's attack.
The demonic crawler completely misses you.
The raiju attacks as you move away! The raiju completely misses you.
The small abomination attacks as you move away!
You block the small abomination's attack.
An ancient zyme comes into view.
You feel a little less agile now.
The ice devil is engulfed in blazing flames.
You block the ice devil's attack.
A kobold brigand comes into view.
It is wielding a +0 dagger and quivering poisoned darts.
You feel yourself growing ill in the presence of the ancient zyme.
You block the iron imp's attack.
The raiju bursts into living lightning!
The living lightning hits you. You resist.
The raiju blinks!
You closely miss the raiju. You block the ice devil's attack.
The kobold demonologist gestures wildly while chanting.
You block the demonic crawler's attack.
The demonic crawler completely misses you.
The demonic crawler hits you.
* * * LOW HITPOINT WARNING * * *
The small abomination hits you.
* * * LOW HITPOINT WARNING * * *
You block the iron imp's attack.
The ice devil is engulfed in blazing flames.
The ice devil hits you but does no damage.
A kobold demonologist comes into view. It is wielding a +0 dagger.
The demonic crawler hits you.
* * * LOW HITPOINT WARNING * * *
The demonic crawler hits you.
* * * LOW HITPOINT WARNING * * *
The demonic crawler hits you!
You die...

#####......####.#
#........##.s .#
#.#......## .###
.......#.#.####
h.###..#.....#
.....##....###
K.K§.#.h.....#
.....h..s5x...##
.X....K..@4h###
.....3...h.##
.#.......#
..........
..#........
..x.........
.............
..##.......##.


You could see a demonic crawler, a sun demon (summoned), an ancient zyme, an ice
devil, 2 kobold demonologists, 4 raiju, a kobold brigand, a small abomination
and an iron imp.

Vanquished Creatures
  A boulder beetle (D:7)
  Pikel (D:9)
  A cyclops (D:10)
  Joseph (D:7)
  Psyche (D:8)
  Maggie (D:7)
  A komodo dragon (D:9)
  A troll (D:9)
  A raiju (Abyss:3)
  Prince Ribbit (D:7)
  A vampire (D:9)
  3 wraiths
  3 wyverns
  8 yaks (D:9)
  2 steam dragons
  3 water moccasins
  A sky beast (D:8)
  4 black bears
  3 centaurs
  A kobold brigand (D:6)
  4 gnoll sergeants
  A necrophage (D:7)
  4 bullfrogs
  4 scorpions
  5 wights
  5 hounds
  2 orc priests
  A gnoll bouda (D:9)
  3 jellies
  Crazy Yiuf (D:6)
  A human zombie (D:9)
  An iron imp (D:8)
  5 iguanas
  2 orc wizards (D:8)
  20 gnolls
  8 adders
  A shadow imp (D:7)
  A white imp (D:5)
  2 ufetubi
  2 worms
  3 dart slugs (D:3)
  23 orcs
  3 endoplasms
  2 giant cockroaches
  2 goblins
  9 hobgoblins
  8 jackals
  10 kobolds
  2 quokkas
  5 ball pythons
  6 bats
  4 frilled lizards
  A jackal zombie (D:9)
  A kobold zombie (D:9)
  7 rats
198 creatures vanquished.

Vanquished Creatures (others)
  4 foxfires (Abyss:3)
  3 fungi (D:10)
  18 plants (D:10)
25 creatures vanquished.

Grand Total: 223 creatures vanquished

Notes
Turn   | Place    | Note
-------+----------+-------------------------------------------
     0 | D:1      | Newt the Demonspawn Gladiator began the quest for the Orb.
     0 | D:1      | Reached XP level 1. HP: 16/16 MP: 1/1
    16 | D:1      | Reached skill level 1 in Stealth
   161 | D:1      | Gained mutation: Spells you cast may paralyse adjacent
                  | enemies. [demonic ancestry]
   161 | D:1      | Reached XP level 2. HP: 22/22 MP: 2/2
   486 | D:1      | Found a faded altar of an unknown god.
   889 | D:2      | Reached XP level 3. HP: 28/28 MP: 3/3
  1038 | D:2      | Gained mutation: You are partially covered in large bone
                  | plates. (SH +4) [demonic ancestry]
  1038 | D:2      | Reached XP level 4. HP: 33/37 MP: 4/4
  1719 | D:3      | Found a blossoming altar of Fedhas.
  1748 | D:3      | Reached skill level 2 in Throwing
  1753 | D:3      | Found an ancient bone altar of Kikubaaqudgha.
  1792 | D:3      | Found a large runed translucent door.
  1793 | D:3      | Found a large runed translucent door.
  1930 | D:3      | Found a sparkling altar of Nemelex Xobeh.
  2012 | D:3      | Found an ornate altar of the Wu Jian Council.
  2639 | D:3      | Found a shimmering altar of Xom.
  2643 | D:3      | Found a bloodstained altar of Trog.
  2746 | D:4      | Noticed a gnoll sergeant
  2958 | D:4      | Reached XP level 5. HP: 42/42 MP: 5/5
  2960 | D:4      | Reached skill level 3 in Throwing
  3086 | D:4      | Reached skill level 4 in Throwing
  3162 | D:4      | Gained mutation: You have a small tail. [demonic ancestry]
  3162 | D:4      | Reached XP level 6. HP: 44/48 MP: 6/6
  3266 | D:4      | Found a transporter.
  3271 | D:4      | Found a transporter.
  3271 | D:4      | Noticed NinjaNoafa's ghost (novice MiHu)
  3501 | D:5      | Entered Level 5 of the Dungeon
  3595 | D:5      | Found a staircase to the Ecumenical Temple.
  3616 | Temple   | Entered the Ecumenical Temple
  3854 | D:5      | Found a broken altar of Ashenzari.
  3923 | D:5      | Noticed a water moccasin
  3931 | D:5      | Killed a water moccasin
  3932 | D:5      | Reached skill level 5 in Throwing
  4150 | D:5      | Gained mutation: Your demonic aura sometimes causes spilled
                  | blood to erupt in flames. [demonic ancestry]
  4150 | D:5      | Reached XP level 7. HP: 44/54 MP: 7/7
  4159 | D:5      | Reached skill level 6 in Throwing
  4305 | D:5      | Reached skill level 5 in Fighting
  4373 | D:5      | Found Kycwul's Tremendous Tomes.
  4420 | D:5      | Noticed a +0 short sword
  4420 | D:5      | Noticed a +0 short sword
  4420 | D:5      | Noticed a +0 falchion
  4421 | D:5      | Noticed a +0 falchion
  4421 | D:5      | Noticed a +0 spear
  4421 | D:5      | Noticed a +0 dagger
  4421 | D:5      | Noticed a +0 spear
  4421 | D:5      | Noticed a +0 dagger
  4487 | D:5      | Found a hide-covered altar of Uskayaw.
  4657 | D:5      | Found a shadowy altar of Dithmenos.
  4782 | D:5      | Reached skill level 1 in Shields
  5107 | D:6      | Reached XP level 8. HP: 58/64 MP: 8/8
  6117 | D:6      | Reached skill level 5 in Shields
  6117 | D:6      | Reached skill level 1 in Armour
  6312 | D:6      | Found a runed translucent door.
  6313 | D:6      | Noticed Crazy Yiuf
  6496 | D:6      | Killed Crazy Yiuf
  6568 | D:7      | Noticed Joseph
  6575 | D:7      | Killed Joseph
  6576 | D:7      | Reached XP level 9. HP: 56/69 MP: 9/9
  6637 | D:7      | Noticed Prince Ribbit
  6659 | D:7      | Killed Prince Ribbit
  6660 | D:7      | Reached skill level 5 in Armour
  6789 | D:7      | Noticed a boulder beetle
  6801 | D:7      | Reached skill level 7 in Throwing
  6810 | D:7      | Killed a boulder beetle
  6811 | D:7      | Reached skill level 8 in Throwing
  7026 | D:7      | Reached skill level 9 in Throwing
  7473 | D:7      | Noticed Maggie
  7493 | D:7      | Killed Maggie
  7632 | D:7      | Found an iron altar of Okawaru.
  7643 | D:7      | Became a worshipper of Warmaster Okawaru
  7670 | D:8      | Gained mutation: You are mostly covered in large bone
                  | plates. (SH +6) [demonic ancestry]
  7670 | D:8      | Reached XP level 10. HP: 75/76 MP: 10/10
  7790 | D:8      | Noticed Psyche
  8173 | D:8      | Killed Psyche
  8174 | D:8      | Reached skill level 10 in Throwing
  8174 | D:8      | Reached skill level 1 in Maces & Flails
  8859 | D:8      | Found a snail-covered altar of Cheibriados.
  8997 | D:9      | Reached * piety under Okawaru
  8998 | D:9      | Reached skill level 5 in Maces & Flails
  9116 | D:9      | Found a runed translucent door.
  9121 | D:9      | Found a basalt altar of Yredelemnul.
  9177 | D:9      | Noticed Pikel
  9182 | D:9      | Killed Pikel
  9442 | D:9      | Found a radiant altar of Vehumet.
  9547 | D:9      | Found a sacrificial altar of Ru.
  9683 | D:9      | Reached ** piety under Okawaru
 10017 | D:10     | Entered Level 10 of the Dungeon
 10054 | D:10     | Found a stormy altar of Qazlal.
 10435 | D:10     | Noticed a cyclops
 10438 | D:10     | Reached skill level 10 in Maces & Flails
 10442 | D:10     | Killed a cyclops
 10477 | D:9      | Reached XP level 11. HP: 70/81 MP: 11/11
 10610 | D:9      | Reached *** piety under Okawaru
 10617 | D:10     | Noticed Erolcha
 10746 | D:9      | Reached skill level 11 in Throwing
 10754 | Abyss:2  | Cast into level 2 of the Abyss (Erolcha)
 10785 | Abyss:2  | Noticed a tentacled monstrosity
 10804 | Abyss:2  | Noticed a tentacled starspawn
 10829 | Abyss:2  | Noticed a white very ugly thing
 10949 | Abyss:3  | Noticed a starcursed mass
 10981 | Abyss:3  | Noticed a large abomination
 10989 | Abyss:3  | Slain by a demonic crawler

Illustrated notes

Levels and vault maps discovered:
D:1:      minmay_arrival_open_corners, layout_basic,
          shapermc_ecumenical_altar_notcrosses
D:2:      layout_loops_ring
D:3:      layout_loops_ring, mainiacjoe_overflow_catch_the_wave,
          general_overflow_altar, jmf_multi_god_temple2,
          mainiacjoe_overflow_alcove_4, serial_co_window_serial,
          co_window_paths_a, co_window_of_opportunity_a, co_window_paths_b,
          co_window_paths_b, co_window_corner_a, co_window_cross_3,
          co_window_corner_b, co_window_corner_b, co_window_of_opportunity_b,
          co_window_corner_b, co_window_of_opportunity_c, co_window_corner_cb,
          glass_columns_b, glass_columns_b, corexii_corridor_pit,
          kennysheep_generic_room_4
D:4:      layout_basic, gammafunk_ghost_arena
D:5:      layout_gridville, nicolae_uskayaw_en_pointe,
          nicolae_dithmenos_the_darkroom, nicolae_ashenzari_panopticon,
          temple_statues, nicolae_shop_i_like_big_books, grunt_ministairs_11,
          chequers_serial_rivers_small_3, kennysheep_generic_room_15
D:6:      layout_cave_pools, solitary_fountain, roderic_cross_of_infinity,
          uniq_crazy_yiuf_cottage
D:7:      layout_basic, pf_just_have_faith, minmay_manual_monstrance,
          uniq_maggie, uniq_prince_ribbit1, uniq_joseph
D:8:      layout_loops_ring, slow_altar_2, uniq_psyche
D:9:      layout_small_grid, nicolae_overflow_crystal_walls,
          mainiacjoe_overflow_surrounded_room, dk_yredelemnul_ordeal, uniq_pikel
D:10:     layout_cave_pools, nicolae_qazlal_general_emergency,
          minmay_lair_entry_grove, uniq_erolcha
Temple:   hellmonk_temple_beads
Abyss:3:  base: D:10, evilmike_abyss_exit_7, hangedman_abyss_rune_macabre_mess

Skill      XL: |  1  2  3  4  5  6  7  8  9 10 11 |
---------------+----------------------------------+-----
Stealth        | 1 2 |  2.0
Fighting       | 3 4 6 |  6.0
Throwing       | 2 4 5 6 9 10 11 | 11.1
Shields        | 2 5 |  5.0
Armour         | 4 5 |  5.0
Maces & Flails | 10 | 10.0
Short Blades   | |  2.6
Dodging        | |  2.6

Action                     |  1- 3 |  4- 6 |  7- 9 | 10-12 || total
---------------------------+-------+-------+-------+-------++-------
  Melee: Rapier            |    73 |   103 |       |       ||   176
         Punch             |     1 |     2 |       |       ||     3
         Dagger            |       |    28 |   166 |       ||   194
         Tailslap          |       |     9 |    36 |    42 ||    87
         Mace              |       |       |    31 |   228 ||   259
  Throw: Throwing net      |     1 |     2 |     1 |       ||     4
         Stone             |       |    12 |       |       ||    12
         Dart              |       |     5 |     8 |     4 ||    17
         Javelin           |       |     4 |    33 |    15 ||    52
         Boomerang         |       |       |       |    20 ||    20
    Use: Scroll            |     4 |     7 |     4 |     7 ||    22
         Potion            |       |       |       |     3 ||     3
   Stab: Sleeping          |     6 |     3 |     5 |     4 ||    18
         Held in net/web   |       |     3 |       |       ||     3
 Armour: Leather armour    |    18 |    19 |    55 |       ||    92
         Acid dragon scale |       |       |     1 |    42 ||    43
         Troll leather arm |       |       |       |    57 ||    57
  Dodge: Dodged            |    50 |    54 |    60 |    61 ||   225
  Block: Other             |       |    14 |       |       ||    14
         Tower shield      |       |    18 |   240 |   329 ||   587

Table legend: (Time is in decaauts)
 A = Elapsed time spent in this place.
 B = Non-inter-level travel time spent in this place.
 C = Inter-level travel time spent in this place.
 D = Time resting spent in this place.
 E = Time spent auto-exploring this place.
 F = Levels seen in this place.
 G = Mean time per level.
                   A        B        C        D        E       F      G
               +--------+--------+--------+--------+--------+-----+--------+
         Total |  11208 |  10717 |    491 |   2114 |   6456 |  13 |  862.2 |
       Dungeon |  10892 |  10414 |    478 |   2114 |   6366 |  10 | 1089.2 |
        Temple |    109 |     97 |     12 |      0 |     90 |   1 |  109.0 |
         Abyss |    206 |    206 |      0 |      0 |      0 |   2 |  103.0 |
               +--------+--------+--------+--------+--------+-----+--------+

Top non-repeatable levels by time:
     D:5: 1849 daAuts
     D:7: 1496 daAuts
     D:9: 1493 daAuts
     D:3: 1395 daAuts
     D:8: 1264 daAuts
     D:6: 1092 daAuts
     D:2: 828 daAuts
     D:1: 721 daAuts
     D:4: 620 daAuts
 Abyss:3: 132 daAuts
    D:10: 130 daAuts
  Temple: 109 daAuts
 Abyss:2: 73 daAuts
